 Dungeon Crawl Stone Soup version 0.19.0-11-g3fc08b3 (webtiles) character file.

9306 Ladykiller69 the Grappler (level 11, -10/94 HPs)
             Began as a Troll Chaos Knight on Nov 9, 2016.
             Mangled by a white ugly thing (16 damage)
             ... on level 2 of the Lair of Beasts.
             The game lasted 00:37:26 (7388 turns).

Ladykiller69 the Grappler (Troll Chaos Knight)      Turns: 7388, Time: 00:37:26

Health: -10/94     AC:  6    Str: 24      XL:     11   Next: 21%
Magic:  20/20      EV:  1    Int:  7 (8)  God:    Xom [.....*]
Gold:   478        SH:  0    Dex: 16      Spells: 0 memorised, 10 levels left

rFire  . . .     SeeInvis .       - Unarmed
rCold  . . .     Gourm    +     a - +2 robe
rNeg   + + +     Faith    .     (no shield)
rPois  ∞         Spirit   .     (helmet restricted)
rElec  .         Reflect  .     (no cloak)
rCorr  .         Harm     .     (gloves unavailable)
MR     .....                    (boots unavailable)
Stlth  +.........               (no amulet)
                                R - ring "Wooruump" {*Slow +Fly MP+9 Str+4 Dex+4}
                                L - +5 ring of evasion

@: petrified, very slightly contaminated
A: unfitting armour, claws 3, blurry vision 1, deformed body, fast metabolism 3,
frail 1, gourmand, high mp 1, mutation resistance 1, regeneration 1, screaming
1, shaggy fur 1, tough skin 2, weak 1
a: Renounce Religion, Evoke Flight


You were on level 2 of the Lair of Beasts.
You worshipped Xom.
You were Xom's teddy bear.
You were not hungry.

You visited 2 branches of the dungeon, and saw 11 of its levels.
You also visited: Labyrinth and Ice Cave.

You collected 478 gold pieces.

Inventory:

Missiles
 C - 2 throwing nets (quivered)
Armour
 a - a +2 robe (worn)
 g - a +0 shield
 A - a +0 buckler
Rods
 q - a +5 rod of shadows (10/10)
   (You took it off a minotaur in a labyrinth)
 y - a -1 iron rod (11/11)
   (You found it in a labyrinth)
Jewellery
 e - an uncursed ring of resist corrosion
 l - an uncursed ring of flight
 w - a +3 ring of intelligence
 L - a +5 ring of evasion (left claw)
 R - the ring "Wooruump" (right claw) {*Slow +Fly MP+9 Str+4 Dex+4}
   (You found it in a labyrinth)

   [ring of magical power]

   It affects your strength (+4).
   It affects your dexterity (+4).
   It affects your magic capacity (+9).
   It lets you fly.
   It may slow you when you take damage.
Wands
 s - a wand of polymorph (22/24)
 E - a wand of slowing (24/48)
 F - a wand of paralysis (6/24)
 M - a wand of slowing (31/48)
 Q - a wand of iceblast (12/15)
 S - a wand of random effects (14/48)
Scrolls
 d - a scroll of fog
 i - 4 scrolls of remove curse
 k - 8 scrolls of identify
 z - a scroll of enchant weapon
 H - 2 scrolls of amnesia
 P - a scroll of enchant armour
Potions
 f - 3 potions of haste
 h - 3 potions of brilliance {unknown}
 j - 3 potions of curing
 o - a potion of ambrosia {unknown}
 p - 3 potions of lignification {unknown}
 u - 2 potions of heal wounds
 v - a potion of resistance {unknown}
 x - a potion of invisibility {unknown}
 D - 3 potions of agility {unknown}
 G - 2 potions of flight {unknown}
 J - a potion of might {unknown}
 K - a potion of berserk rage {unknown}
Books
 I - a book of the Warp

   Spells                             Type                      Level
   a - Gell's Gravitas                Hexes/Translocation          3
   b - Portal Projectile              Translocation                3
   c - Force Lance                    Conjuration/Translocation    4
   d - Dispersal                      Translocation                6
   e - Controlled Blink               Translocation                8
   f - Disjunction                    Translocation                8
 N - a book of Air

   Spells                             Type                      Level
   a - Shock                          Conjuration/Air              1
   b - Swiftness                      Charms/Air                   2
   c - Repel Missiles                 Charms/Air                   2
   d - Static Discharge               Conjuration/Air              3
   e - Lightning Bolt                 Conjuration/Air              5
 T - a book of Battle

   Spells                             Type                      Level
   a - Infusion                       Charms                       1
   b - Shroud of Golubria             Charms/Translocation         2
   c - Song of Slaying                Charms                       2
   d - Spectral Weapon                Hexes/Charms                 3
   e - Regeneration                   Charms/Necromancy            3
Miscellaneous
 U - a phial of floods
Comestibles
 b - 8 bread rations
 c - 4 beef jerkies
 m - 8 meat rations
 n - 2 slices of pizza
 r - 7 fruits


   Skills:
 - Level 6.0 Fighting
 + Level 8.2 Dodging
 * Level 13.3 Unarmed Combat


You had 10 spell levels left.
You didn't know any spells.

Dungeon Overview and Level Annotations

Branches:
Dungeon (9/15)             Temple (0/1) D:6            Lair (2/6) D:8
  Swamp: Lair:2-4    Shoals: Lair:2-4     Snake: Lair:2-4    Spider: Lair:2-4
    Orc: D:9-12

Altars:
Ashenzari
Elyvilon
Fedhas
Kikubaaqudgha
Qazlal
Uskayaw
Vehumet
Xom
Yredelemnul
Zin
The Shining One


Innate Abilities, Weirdness & Mutations

You are too large for most types of armour.
You have claws for hands.
Your metabolism is lightning-fast.
You like to eat raw meat.
Your natural rate of healing is unusually fast.
You are covered in fur. (AC +1)
You have very tough skin. (AC +2)
Scrolls take you a little longer to read.
Armour fits poorly on your strangely shaped body.
You are frail. (-10% HP)
You have an increased reservoir of magic. (+10% MP)
You are somewhat resistant to further mutation.
You occasionally shout uncontrollably at your foes.
You are weak. (Str -2)


Message History

The basilisk bites you!
* * * LOW HITPOINT WARNING * * *
You enter the shallow water.
Moving in this stuff is going to be slow.
The basilisk gazes at you.
You are slowing down.
The basilisk gazes at you. You resist with some effort.
Your limbs are stiffening.
Xom's power touches on a nearby monster.
The black mamba changes into an eye of draining!
The eye of draining changes into a swamp dragon!
The white ugly thing splashes around in the water.
You have turned to stone.
The swamp dragon changes into a manticore!
The white ugly thing completely misses you.
The white ugly thing gores you!
* * * LOW HITPOINT WARNING * * *
The white ugly thing freezes you!!
You die...
Xom bursts into laughter!

♣......P#...%%..#
♣P......##.....%..
♣P#.#.####....%..# #
♣≈P###.#####.##### #. ≈≈
##.....### ##.. ≈≈≈ ♣♣
#P.......## #... ≈≈≈≈
♣≈##...<..≈≈.## ##.$.
≈≈≈≈≈♣♣P≈#.≈≈.≈≈≈≈≈.## #....
≈≈≈≈≈≈♣ #.≈@≈≈≈≈≈≈≈..###<.⌠#
≈≈≈≈≈≈≈♣#Yu≈≈≈≈≈≈≈≈...##...#
≈≈≈P♣P≈≈#H≈≈≈≈≈≈≈≈.≈.P##...#
≈≈≈≈≈≈♣P≈.≈l≈≈≈≈≈.......#[..
≈≈≈≈≈≈♣≈##..≈≈≈≈....P##.##..
≈≈P≈♣♣≈.###........########.
≈≈≈♣≈≈H.# #P#.....## ##
♣≈≈P≈≈.# ####...## #
≈P≈≈♣♣.H# ###.P# ####


You could see a white ugly thing, a manticore shaped shifter, a hippogriff, a
yak and a basilisk.

Vanquished Creatures
  A minotaur (Lab)
  Pikel (D:4)
  A hill giant (D:8)
  4 black mambas
  2 gargoyles (Lab)
  The ghost of Ladykiller69 the Shield-Bearer, a novice FoFi (D:7)
  2 komodo dragons (Lair:1)
  A hornet (D:8)
  3 hippogriffs
  Sigmund (D:2)
  A wyvern (Lair:2)
  A basilisk (Lair:1)
  A human (Lair:1)
  Menkaure (D:6)
  2 water moccasins
  3 porcupines (Lair:1)
  An ice beast (D:7)
  A slave (D:4)
  An orc warrior (D:6)
  3 ogres
  A centaur (D:5)
  A necrophage (D:8)
  A wolf (Lair:2)
  2 crocodiles
  6 bullfrogs
  2 gnoll sergeants (D:8)
  A water moccasin zombie (D:8)
  2 scorpions (D:4)
  10 killer bees
  2 howler monkeys (D:4)
  A crimson imp (D:3)
  A bullfrog zombie (D:4)
  3 orc priests
  3 centaur skeletons
  2 hounds
  4 iguanas
  5 orc wizards
  3 worker ants
  Ijyb (D:2)
  A killer bee zombie (D:6)
  3 hound skeletons
  A worker ant zombie (D:8)
  8 adders
  9 gnolls
  2 shadow imps
  4 worms
  4 dart slugs
  10 leopard geckos
  22 orcs
  7 bats
  4 giant cockroaches
  16 goblins
  10 hobgoblins
  10 jackals
  5 kobolds
  4 quokkas
  3 ball pythons
  A ball python skeleton (D:4)
  5 frilled lizards
  A leopard gecko zombie (D:6)
  A quokka skeleton (D:8)
  A quokka zombie (D:4)
  11 rats
226 creatures vanquished.

Vanquished Creatures (collateral kills)
  2 slaves (D:4)
  A fungus (Lair:1)
3 creatures vanquished.

Vanquished Creatures (others)
  A warg (Lair:2)
  3 wolves (Lair:2)
  A fungus (Lair:2)
  3 plants (Lair:2)
8 creatures vanquished.

Grand Total: 237 creatures vanquished

Notes
Turn   | Place    | Note
-------+----------+-------------------------------------------
     0 | D:1      | Ladykiller69 the Troll Chaos Knight began the quest for the Orb.
     0 | D:1      | Reached XP level 1. HP: 22/22 MP: 0/0
   111 | D:1      | Reached XP level 2. HP: 29/29 MP: 1/1
   218 | D:1      | XOM: silly message
   421 | D:1      | Reached XP level 3. HP: 36/36 MP: 2/2
   666 | D:1      | XOM is BORED!
   666 | D:1      | XOM: noise
   729 | D:1      | XOM: mild Necr miscast
   872 | D:2      | Reached skill level 4 in Unarmed Combat
   983 | D:2      | Noticed Ijyb
  1004 | D:2      | Killed Ijyb
  1004 | D:2      | Reached XP level 4. HP: 44/44 MP: 3/3
  1109 | D:2      | Noticed Sigmund
  1218 | D:2      | Found a blossoming altar of Fedhas.
  1302 | D:2      | Gained mutation: You are occasionally teleported next to monsters. [potion of mutation]
  1302 | D:2      | Gained mutation: You can translocate small distances at will. [potion of mutation]
  1302 | D:2      | Gained mutation: You are frail. (-10% HP) [potion of mutation]
  1303 | D:2      | Lost mutation: You are frail. (-10% HP) [potion of cure mutation]
  1303 | D:2      | Lost mutation: You can translocate small distances at will. [potion of cure mutation]
  1393 | D:2      | XOM: confuse monster(s)
  1396 | D:2      | Killed Sigmund
  1396 | D:2      | Reached skill level 5 in Unarmed Combat
  1396 | D:2      | Reached XP level 5. HP: 37/53 MP: 4/4
  1574 | D:3      | Reached XP level 6. HP: 61/61 MP: 5/5
  1692 | D:3      | Found a shattered altar of Ashenzari.
  1887 | D:3      | Found a white marble altar of Elyvilon.
  2114 | D:3      | XOM: give mutations
  2114 | D:3      | Gained mutation: You are weak. (Str -2) [Xom's mischief]
  2114 | D:3      | Gained mutation: You are frail. (-10% HP) [Xom's mischief]
  2114 | D:3      | Gained mutation: You are very weak. (Str -4) [Xom's mischief]
  2309 | D:4      | Noticed a slave
  2310 | D:4      | Noticed a slave
  2310 | D:4      | Noticed a slave
  2310 | D:4      | Noticed Pikel
  2310 | D:4      | Noticed a slave
  2326 | D:4      | Killed a slave
  2327 | D:4      | XOM: cast spell 'Discord'
  2329 | D:4      | Killed a slave
  2333 | D:4      | Killed Pikel
  2333 | D:4      | Reached skill level 6 in Unarmed Combat
  2333 | D:4      | Reached XP level 7. HP: 33/63 MP: 6/6
  2371 | D:4      | Reached skill level 7 in Unarmed Combat
  2466 | D:4      | Reached XP level 8. HP: 61/71 MP: 7/7
  2694 | D:4      | Found a stormy altar of Qazlal.
  2916 | D:4      | XOM: smoke on damage
  2951 | D:5      | Entered Level 5 of the Dungeon
  3085 | D:5      | Reached skill level 5 in Fighting
  3104 | D:5      | XOM: summons 4 hostile demons
  3133 | D:5      | XOM: silly message
  3366 | D:6      | Reached skill level 8 in Unarmed Combat
  3420 | D:6      | Found a staircase to the Ecumenical Temple.
  3468 | D:6      | XOM: harmless Pois miscast
  3507 | D:6      | Noticed Menkaure
  3513 | D:6      | Killed Menkaure
  3655 | D:6      | XOM: divination: magic mapping
  3772 | D:6      | Reached skill level 5 in Dodging
  4188 | D:6      | Reached XP level 9. HP: 71/79 MP: 8/8
  4218 | D:7      | Noticed Ladykiller69's ghost (novice FoFi)
  4230 | D:7      | Killed Ladykiller69's ghost
  4230 | D:7      | Reached skill level 9 in Unarmed Combat
  4447 | D:7      | XOM: medium Divn miscast
  4577 | D:7      | XOM: 7-stop teleportation journey
  4688 | D:7      | Found a basalt altar of Yredelemnul.
  4792 | D:7      | Found a glowing golden altar of the Shining One.
  4816 | D:7      | Noticed a komodo dragon
  4818 | D:7      | XOM: noise
  4823 | D:7      | XOM: scenery: create altars
  5140 | D:7      | Found a radiant altar of Vehumet.
  5209 | D:7      | XOM: harmless Necr miscast
  5420 | D:8      | XOM: repel stairs
  5424 | D:8      | Reached skill level 10 in Unarmed Combat
  5484 | D:8      | XOM: 3-stop teleportation journey
  5490 | D:9      | XOM: stealth player
  5556 | D:8      | XOM: mild Summ miscast
  5617 | D:8      | Found a staircase to the Lair.
  5684 | D:8      | XOM: give mutations
  5684 | D:8      | Gained mutation: Scrolls take you a little longer to read. [Xom's mischief]
  5684 | D:8      | Lost mutation: Scrolls take you a little longer to read. [Xom's mischief]
  5684 | D:8      | Gained mutation: You have supernaturally acute eyesight. (SInv) [Xom's mischief]
  5684 | D:8      | Lost mutation: You are frail. (-10% HP) [Xom's mischief]
  5701 | D:8      | XOM: medium Erth miscast
  5792 | D:8      | Reached XP level 10. HP: 61/98 MP: 9/9
  5824 | D:8      | Noticed a hill giant
  5833 | D:8      | XOM: draining
  5896 | D:8      | XOM: smoke on damage
  5902 | D:8      | XOM: enchant monster (bad)
  5905 | D:8      | Killed a hill giant
  5905 | D:8      | Reached skill level 11 in Unarmed Combat
  5954 | D:8      | XOM: give mutation
  5954 | D:8      | Gained mutation: You occasionally shout uncontrollably at your foes. [Xom's mischief]
  5989 | D:7      | XOM: confuse monster(s)
  6044 | D:8      | XOM: severe Necr miscast
  6064 | D:8      | Found a hide-covered altar of Uskayaw.
  6091 | D:8      | Found a glowing silver altar of Zin.
  6092 | D:8      | Noticed an angel
  6204 | D:8      | Found an ancient bone altar of Kikubaaqudgha.
  6205 | D:8      | XOM: mild Necr miscast
  6216 | Lair:1   | Entered Level 1 of the Lair of Beasts
  6220 | Lair:1   | Noticed a black mamba
  6230 | Lair:1   | Killed a black mamba
  6308 | Lair:1   | XOM: give mutations
  6308 | Lair:1   | Lost mutation: You have supernaturally acute eyesight. (SInv) [Xom's mischief]
  6308 | Lair:1   | Gained mutation: Your body sometimes deteriorates upon taking damage. [Xom's mischief]
  6310 | Lair:1   | Noticed a black mamba
  6312 | Lair:1   | XOM: medium Hex miscast
  6329 | Lair:1   | HP: 4/98 [porcupine's spines (11)]
  6350 | Lair:1   | Found a labyrinth entrance.
  6359 | Lab      | Entered a labyrinth
  6410 | Lab      | Noticed a gargoyle
  6417 | Lab      | Killed a gargoyle
  6418 | Lab      | Noticed a gargoyle
  6430 | Lab      | Killed a gargoyle
  6430 | Lab      | Reached skill level 12 in Unarmed Combat
  6451 | Lab      | Noticed a minotaur
  6456 | Lab      | Noticed a hill giant
  6460 | Lab      | XOM: summons 5 hostile demons
  6485 | Lab      | XOM: butterfly on damage
  6486 | Lab      | XOM: give mutations
  6486 | Lab      | Lost mutation: Your body sometimes deteriorates upon taking damage. [Xom's mischief]
  6486 | Lab      | Gained mutation: You are frail. (-10% HP) [Xom's mischief]
  6486 | Lab      | Gained mutation: You have an increased reservoir of magic. (+10% MP) [Xom's mischief]
  6486 | Lab      | Lost mutation: You are occasionally teleported next to monsters. [Xom's mischief]
  6510 | Lab      | Killed a minotaur
  6535 | Lab      | XOM: mild Fire miscast
  6545 | Lab      | Got a sparkling bronze ring
  6608 | Lair:1   | Gained mutation: You are somewhat resistant to further mutation. [potion of beneficial mutation]
  6613 | Lair:1   | XOM: harmless Erth miscast
  6616 | Lair:1   | Killed a black mamba
  6716 | Lair:1   | XOM: give mutations
  6716 | Lair:1   | Lost mutation: You are frail. (-10% HP) [Xom's mischief]
  6716 | Lair:1   | Gained mutation: Scrolls take you a little longer to read. [Xom's mischief]
  6763 | Lair:1   | XOM: summons 1 hostile demon
  6814 | Lair:1   | XOM: give mutations
  6814 | Lair:1   | Gained mutation: Armour fits poorly on your strangely shaped body. [Xom's mischief]
  6814 | Lair:1   | Gained mutation: You are frail. (-10% HP) [Xom's mischief]
  6814 | Lair:1   | Lost mutation: You are very weak. (Str -4) [Xom's mischief]
  6823 | Lair:1   | XOM: summons 7 friendly demons
  6865 | Lair:1   | XOM: polymorph water moccasin -> human
  6871 | Lair:1   | Reached XP level 11. HP: 89/94 MP: 11/11
  7024 | Lair:1   | Reached skill level 13 in Unarmed Combat
  7286 | Lair:2   | Found a frozen archway.
  7292 | Lair:2   | XOM: chaos cloud
  7308 | Lair:2   | XOM: stat loss: -1 Int (10/11)
  7313 | Lair:2   | XOM: destruction
  7332 | IceCv    | Entered an ice cave
  7332 | IceCv    | Noticed a white ugly thing
  7336 | IceCv    | Identified the ring "Wooruump" {*Slow +Fly MP+9 Str+4 Dex+4} (You found it in a labyrinth)
  7341 | Lair:2   | XOM: polymorph ice beast -> swamp drake
  7351 | Lair:2   | Noticed a death yak
  7351 | Lair:2   | Noticed a death yak
  7351 | Lair:2   | Noticed a death yak
  7351 | Lair:2   | Noticed a death yak
  7351 | Lair:2   | Noticed a death yak
  7353 | Lair:2   | Noticed a death yak
  7353 | Lair:2   | XOM: smoke on damage
  7358 | Lair:2   | HP: 4/94 [black mamba (11)]
  7359 | Lair:2   | XOM: scenery: create altars
  7386 | Lair:2   | XOM: polymorph black mamba -> eye of draining
  7386 | Lair:2   | Noticed a swamp dragon
  7386 | Lair:2   | an eye of draining changed into a swamp dragon
  7387 | Lair:2   | a swamp dragon changed into a manticore
  7388 | Lair:2   | Mangled by a white ugly thing

Skill      XL: |  1  2  3  4  5  6  7  8  9 10 11 |
---------------+----------------------------------+-----
Dodging        | 2 3 4 5 6 7 8 |  8.2
Unarmed Combat | 4 5 6 7 8 10 12 13 | 13.3
Fighting       | 3 4 5 6 |  6.0

Action                   |  1- 3 |  4- 6 |  7- 9 | 10-12 || total
-------------------------+-------+-------+-------+-------++-------
Melee: Unarmed           |    92 |   136 |   355 |   192 ||   775
       Punch             |       |     6 |     7 |    17 ||    30
  Use: Scroll            |       |     9 |     1 |     6 ||    16
       Potion            |       |     2 |     2 |     8 ||    12
 Stab: Confused          |       |     1 |       |       ||     1
       Sleeping          |       |     1 |     2 |       ||     3
       Distracted        |       |       |     1 |     1 ||     2
  Eat: Chunk             |    12 |    11 |    26 |    18 ||    67
Armor: Robe              |    34 |    39 |    66 |    31 ||   170
       Skin              |       |     2 |       |       ||     2
Dodge: Dodged            |    49 |    43 |   242 |   186 ||   520
